[ AOE2 MATCH · #507731294 ]
UnrankedPersians vs Persians
Player's team · LOSS
Rival team · WIN
[ REPLAY ANALYSIS · EXTRACTED FROM THE RECORDED GAME ]
Feudal
8:31
Castle
—
Imperial
—
| APM avg | 42.8 |
| APM peak | 97 |
| eAPM avg | 11.0 |
| Villagers / military | 52 / 3 |
Focus
⚔️ 31.1% · 🌾 68.9%
Spearman ×3
Feudal
26:33
Castle
30:56
Imperial
—
| APM avg | 34.8 |
| APM peak | 77 |
| eAPM avg | 18.2 |
| Villagers / military | 63 / 13 |
Focus
⚔️ 28.2% · 🌾 71.8%
Scout Cavalry ×7 · Knight ×6
Match map
Initial resources + every placement click. Lines = walls · curves = elevation contours. ◆ gold · ⬟ stone · ● berries · ✦ relic · ◌ wall gap
Your base· Open — unwalled flank
buget dude's base· Open — unwalled flank
Smoothed initial terrain · ◌ = detected wall gap · hover for details
Inputs per minute
— flpzprop - - buget dude
Build order — flpzprop
108 actions detected in the replay
| 0:01 | Queue | Villager (Male) |
| 0:01 | Queue | Villager (Male) |
| 0:01 | Queue | Villager (Male) |
| 0:02 | Queue | Villager (Male) |
| 0:02 | Queue | Villager (Male) |
| 0:02 | Queue | Villager (Male) |
| 0:05 | Build | House |
| 0:08 | Build | House |
| 1:40 | Queue | Villager (Male) |
| 2:20 | Build | Lumber Camp |
| 2:23 | Queue | Villager (Male) |
| 2:33 | Queue | Villager (Male) |
| 2:59 | Build | House |
| 3:11 | Queue | Villager (Male) |
| 3:12 | Queue | Villager (Male) |
| 3:37 | Queue | Villager (Male) |
| 4:02 | Queue | Villager (Male) |
| 4:20 | Queue | Villager (Male) |
| 4:58 | Build | Mill |
| 5:03 | Queue | Villager (Male) |
| 5:26 | Queue | Villager (Male) |
| 5:48 | Queue | Villager (Male) |
| 5:57 | Research | Loom |
| 6:28 | Research | Feudal Age |
| 7:42 | Build | Barracks |
| 7:45 | Build | House |
| 7:52 | Queue | Villager (Male) |
| 8:31 | Age | Feudal Age |
| 8:39 | Research | Double-Bit Axe |
| 8:41 | Research | Horse Collar |
| 9:08 | Queue | Villager (Male) |
| 9:08 | Queue | Villager (Male) |
| 9:34 | Queue | Villager (Male) |
| 9:43 | Build | Lumber Camp |
| 9:56 | Queue | Villager (Male) |
| 10:21 | Build | Blacksmith |
| 10:39 | Queue | Villager (Male) |
| 11:02 | Queue | Villager (Male) |
| 11:09 | Build | Mining Camp |
| 12:11 | Build | Barracks |
| 14:17 | Build | Market |
| 15:27 | Queue | Spearman |
| 16:08 | Queue | Spearman |
| 16:08 | Queue | Spearman |
| 16:35 | Build | House |
| 17:02 | Build | Mining Camp |
| 17:09 | Build | Lumber Camp |
| 19:06 | Build | Town Center |
| 20:56 | Build | Farm |
| 21:21 | Build | Farm |
| 21:46 | Queue | Villager (Male) |
| 21:50 | Build | Farm |
| 22:48 | Build | Farm |
| 22:51 | Queue | Villager (Male) |
| 23:37 | Queue | Villager (Male) |
| 23:37 | Queue | Villager (Male) |
| 23:47 | Build | Farm |
| 24:09 | Queue | Villager (Male) |
| 24:36 | Queue | Villager (Male) |
| 24:39 | Build | Farm |
| 25:10 | Queue | Villager (Male) |
| 25:10 | Queue | Villager (Male) |
| 25:32 | Build | Farm |
| 25:37 | Queue | Villager (Male) |
| 25:37 | Queue | Villager (Male) |
| 26:10 | Build | House |
| 26:14 | Queue | Villager (Male) |
| 26:37 | Queue | Villager (Male) |
| 26:43 | Build | Farm |
| 26:52 | Queue | Villager (Male) |
| 27:17 | Queue | Villager (Male) |
| 27:54 | Queue | Villager (Male) |
| 27:54 | Queue | Villager (Male) |
| 28:13 | Queue | Villager (Male) |
| 28:23 | Queue | Villager (Male) |
| 28:36 | Build | Watch Tower |
| 28:43 | Build | Palisade Wall |
| 28:48 | Build | Palisade Wall |
| 28:50 | Build | Palisade Wall |
| 28:53 | Queue | Villager (Male) |
| 29:06 | Build | Farm |
| 29:21 | Queue | Villager (Male) |
| 29:34 | Queue | Villager (Male) |
| 29:42 | Build | Palisade Wall |
| 29:43 | Build | Palisade Wall |
| 29:44 | Build | Palisade Wall |
| 29:45 | Build | Palisade Wall |
| 29:46 | Build | Palisade Wall |
| 29:48 | Build | Palisade Wall |
| 29:49 | Build | Palisade Wall |
| 29:50 | Build | Palisade Wall |
| 29:59 | Build | Palisade Wall |
| 30:00 | Build | Palisade Wall |
| 30:02 | Queue | Villager (Male) |
| 30:11 | Build | Mill |
| 30:15 | Build | Farm |
| 30:20 | Queue | Villager (Male) |
| 30:36 | Queue | Villager (Male) |
| 30:43 | Build | Watch Tower |
| 31:04 | Build | Palisade Wall |
| 31:06 | Build | Palisade Wall |
| 31:39 | Research | Fletching |
| 32:11 | Queue | Villager (Male) |
| 32:20 | Queue | Villager (Male) |
| 32:36 | Queue | Villager (Male) |
| 32:46 | Queue | Villager (Male) |
| 32:54 | Build | Farm |
| 33:08 | Build | Watch Tower |
Build order — buget dude
First 150 of 152 actions detected
| 0:01 | Queue | Villager (Male) |
| 0:01 | Queue | Villager (Male) |
| 0:02 | Queue | Villager (Male) |
| 0:02 | Queue | Villager (Male) |
| 0:03 | Build | House |
| 0:05 | Build | House |
| 0:06 | Queue | Villager (Male) |
| 1:38 | Queue | Villager (Male) |
| 1:38 | Queue | Villager (Male) |
| 2:05 | Queue | Villager (Male) |
| 2:05 | Queue | Villager (Male) |
| 2:16 | Queue | Villager (Male) |
| 2:17 | Queue | Villager (Male) |
| 3:09 | Build | Lumber Camp |
| 3:17 | Queue | Villager (Male) |
| 3:17 | Queue | Villager (Male) |
| 3:17 | Queue | Villager (Male) |
| 3:35 | Queue | Villager (Male) |
| 3:35 | Queue | Villager (Male) |
| 4:04 | Queue | Villager (Male) |
| 4:04 | Queue | Villager (Male) |
| 4:22 | Build | House |
| 4:26 | Queue | Villager (Male) |
| 4:26 | Queue | Villager (Male) |
| 5:32 | Build | House |
| 5:56 | Queue | Villager (Male) |
| 5:57 | Queue | Villager (Male) |
| 5:59 | Queue | Villager (Male) |
| 6:08 | Queue | Villager (Male) |
| 6:09 | Queue | Villager (Male) |
| 6:14 | Queue | Villager (Male) |
| 6:15 | Research | Loom |
| 6:42 | Queue | Villager (Male) |
| 6:53 | Build | House |
| 8:08 | Build | Mill |
| 8:19 | Queue | Villager (Male) |
| 8:19 | Queue | Villager (Male) |
| 8:20 | Queue | Villager (Male) |
| 9:13 | Build | Town Center |
| 9:25 | Build | Town Center |
| 9:57 | Build | Palisade Wall |
| 10:07 | Queue | Villager (Male) |
| 10:07 | Queue | Villager (Male) |
| 10:15 | Build | Palisade Wall |
| 10:18 | Build | Palisade Wall |
| 10:19 | Build | Palisade Wall |
| 10:21 | Build | Palisade Wall |
| 10:22 | Build | Palisade Wall |
| 10:31 | Queue | Villager (Male) |
| 10:38 | Build | Palisade Wall |
| 10:39 | Build | Palisade Wall |
| 10:40 | Build | Palisade Wall |
| 10:41 | Build | Palisade Wall |
| 11:02 | Queue | Villager (Male) |
| 11:24 | Build | Palisade Wall |
| 12:01 | Queue | Villager (Male) |
| 12:02 | Queue | Villager (Male) |
| 12:02 | Queue | Villager (Male) |
| 12:02 | Queue | Villager (Male) |
| 12:05 | Build | House |
| 12:27 | Queue | Villager (Male) |
| 12:48 | Queue | Villager (Male) |
| 13:00 | Build | Palisade Wall |
| 13:11 | Build | Palisade Wall |
| 13:13 | Queue | Villager (Male) |
| 13:19 | Build | Palisade Wall |
| 13:30 | Queue | Villager (Male) |
| 14:04 | Build | Palisade Wall |
| 14:06 | Build | Palisade Wall |
| 14:07 | Build | Palisade Wall |
| 14:09 | Build | Palisade Wall |
| 15:54 | Queue | Villager (Male) |
| 15:54 | Queue | Villager (Male) |
| 15:54 | Queue | Villager (Male) |
| 15:55 | Queue | Villager (Male) |
| 16:23 | Queue | Villager (Male) |
| 16:34 | Build | Palisade Wall |
| 16:35 | Build | Palisade Wall |
| 16:36 | Build | Palisade Wall |
| 16:58 | Build | Palisade Wall |
| 17:21 | Queue | Villager (Male) |
| 17:25 | Build | Palisade Wall |
| 17:44 | Queue | Villager (Male) |
| 18:45 | Queue | Villager (Male) |
| 18:51 | Build | Farm |
| 18:52 | Build | Farm |
| 19:07 | Queue | Villager (Male) |
| 19:31 | Queue | Villager (Male) |
| 19:45 | Build | Palisade Wall |
| 19:48 | Build | Palisade Wall |
| 20:06 | Build | Farm |
| 20:07 | Queue | Villager (Male) |
| 20:18 | Build | Farm |
| 20:19 | Build | Farm |
| 20:19 | Build | Farm |
| 20:20 | Build | Farm |
| 20:21 | Build | Farm |
| 20:23 | Build | Farm |
| 20:24 | Build | Farm |
| 20:25 | Build | Farm |
| 20:25 | Build | Farm |
| 20:26 | Build | Farm |
| 20:27 | Build | Farm |
| 21:28 | Build | Palisade Wall |
| 21:30 | Build | Palisade Wall |
| 21:51 | Build | Lumber Camp |
| 21:55 | Queue | Villager (Male) |
| 21:59 | Queue | Villager (Male) |
| 22:19 | Build | Farm |
| 22:20 | Build | Farm |
| 22:20 | Build | Farm |
| 22:21 | Build | Farm |
| 23:09 | Queue | Villager (Male) |
| 23:33 | Queue | Villager (Male) |
| 23:59 | Build | Farm |
| 24:01 | Build | Farm |
| 24:02 | Build | Farm |
| 24:16 | Queue | Villager (Male) |
| 24:29 | Research | Feudal Age |
| 24:29 | Research | Feudal Age |
| 24:41 | Build | Mining Camp |
| 25:45 | Build | Barracks |
| 26:33 | Age | Feudal Age |
| 26:36 | Build | Blacksmith |
| 26:46 | Build | Market |
| 26:54 | Build | Stable |
| 27:00 | Queue | Villager (Male) |
| 27:28 | Build | House |
| 27:52 | Queue | Scout Cavalry |
| 27:53 | Queue | Scout Cavalry |
| 28:31 | Research | Castle Age |
| 28:31 | Research | Castle Age |
| 29:10 | Build | Mining Camp |
| 29:19 | Queue | Villager (Male) |
| 29:21 | Queue | Scout Cavalry |
| 29:21 | Queue | Scout Cavalry |
| 30:13 | Queue | Scout Cavalry |
| 30:13 | Queue | Scout Cavalry |
| 30:38 | Queue | Villager (Male) |
| 30:39 | Queue | Villager (Male) |
| 30:46 | Queue | Scout Cavalry |
| 30:56 | Age | Castle Age |
| 31:00 | Build | Stable |
| 31:31 | Build | House |
| 31:35 | Queue | Knight |
| 31:39 | Queue | Knight |
| 31:39 | Queue | Knight |
| 31:42 | Queue | Knight |
| 31:42 | Queue | Knight |
| 32:16 | Queue | Villager (Male) |
Match timeline
| 7:42 | flpzprop · first_building Barracks |
| 8:31 | flpzprop · age_up feudal |
| 9:57 | buget dude · wall_segment Palisade Wall x1 |
| 10:15 | buget dude · wall_segment Palisade Wall x4 |
| 10:18 | buget dude · wall_segment Palisade Wall x3 |
| 10:19 | buget dude · wall_segment Palisade Wall x2 |
| 10:21 | buget dude · wall_segment Palisade Wall x2 |
| 10:22 | buget dude · wall_segment Palisade Wall x1 |
| 10:38 | buget dude · wall_segment Palisade Wall x2 |
| 10:39 | buget dude · wall_segment Palisade Wall x1 |
| 10:40 | buget dude · wall_segment Palisade Wall x3 |
| 10:41 | buget dude · wall_segment Palisade Wall x3 |
| 11:24 | buget dude · wall_segment Palisade Wall x1 |
| 13:00 | buget dude · wall_segment Palisade Wall x2 |
| 13:11 | buget dude · wall_segment Palisade Wall x1 |
| 13:19 | buget dude · wall_segment Palisade Wall x1 |
| 14:04 | buget dude · wall_segment Palisade Wall x4 |
| 14:06 | buget dude · wall_segment Palisade Wall x3 |
| 14:07 | buget dude · wall_segment Palisade Wall x2 |
| 14:09 | buget dude · wall_segment Palisade Wall x1 |
| 16:03 | flpzprop · first_market_sell 100 wood |
| 16:05 | flpzprop · first_market_buy 100 food |
| 16:34 | buget dude · wall_segment Palisade Wall x3 |
| 16:35 | buget dude · wall_segment Palisade Wall x3 |
| 16:36 | buget dude · wall_segment Palisade Wall x3 |
| 16:58 | buget dude · wall_segment Palisade Wall x4 |
| 17:25 | buget dude · wall_segment Palisade Wall x4 |
| 19:45 | buget dude · wall_segment Palisade Wall x2 |
| 19:48 | buget dude · wall_segment Palisade Wall x7 |
| 21:28 | buget dude · wall_segment Palisade Wall x10 |
| 21:30 | buget dude · wall_segment Palisade Wall x2 |
| 25:45 | buget dude · first_building Barracks |
| 26:33 | buget dude · age_up feudal |
| 26:54 | buget dude · first_building Stable |
| 28:43 | flpzprop · wall_segment Palisade Wall x1 |
| 28:48 | flpzprop · wall_segment Palisade Wall x1 |
| 28:50 | flpzprop · wall_segment Palisade Wall x1 |
| 29:42 | flpzprop · wall_segment Palisade Wall x1 |
| 29:43 | flpzprop · wall_segment Palisade Wall x1 |
| 29:44 | flpzprop · wall_segment Palisade Wall x1 |
| 29:45 | flpzprop · wall_segment Palisade Wall x1 |
| 29:46 | flpzprop · wall_segment Palisade Wall x1 |
| 29:48 | flpzprop · wall_segment Palisade Wall x1 |
| 29:49 | flpzprop · wall_segment Palisade Wall x1 |
| 29:50 | flpzprop · wall_segment Palisade Wall x1 |
| 29:59 | flpzprop · wall_segment Palisade Wall x1 |
| 30:00 | flpzprop · wall_segment Palisade Wall x1 |
| 30:56 | buget dude · age_up castle |
| 31:04 | flpzprop · wall_segment Palisade Wall x1 |
| 31:06 | flpzprop · wall_segment Palisade Wall x1 |
| 33:36 | flpzprop · resign |
[ AI ANALYSIS · 1 CREDIT ]
What really happened in this match?
Wolo.gg analyzes every decision: build order, eco, micro, common mistakes by bracket. Personalized analysis on WhatsApp or Discord in 30 seconds.
Civ guide
Persians
Perfil
flpzprop